 Dungeon Crawl Stone Soup version 0.22-a0-283-g1871b15 (webtiles) character file.

5556 mhoghedin the Destroyer (level 10, -13/61 HPs)
             Began as a Tengu Conjurer on Mar 18, 2018.
             Was a Believer of Vehumet.
             Mangled by a two-headed ogre
             ... wielding a +0 giant club
              (33 damage)
             ... on level 8 of the Dungeon.
             The game lasted 00:26:33 (9471 turns).

mhoghedin the Destroyer (Tengu Conjurer)            Turns: 9471, Time: 00:26:33

Health: -13/61     AC:  7    Str:  9    XL:     10   Next: 71%
Magic:  2/20       EV: 17    Int: 17    God:    Vehumet [**....]
Gold:   407        SH:  0    Dex: 17    Spells: 7/21 levels left

rFire    . . .     SeeInvis .   n - +2 flail (protect)
rCold    . . .     Gourm    .   (no shield)
rNeg     . . .     Faith    .   k - +2 robe {MR+}
rPois    +         Spirit   .   (helmet restricted)
rElec    .         Reflect  .   x - +0 cloak
rCorr    .         Harm     .   v - +0 pair of gloves
MR       +....     Clarity  +   (boots unavailable)
Stlth    ++........             (no amulet)
HPRegen  0.20/turn              t - ring of poison resistance {rPois, !d}
MPRegen  0.17/turn              h - +3 ring of dexterity

@: no status effects
A: beak, talons 3, clarity, dopey 1, shaggy fur 1, able to fly 1
a: Fly, Renounce Religion


You were on level 8 of the Dungeon.
You worshipped Vehumet.
Vehumet was pleased with you.
You were not hungry.

You visited 1 branch of the dungeon, and saw 8 of its levels.

You collected 407 gold pieces.

Inventory:

Hand Weapons
 n - a +2 flail of protection (weapon)
   (You took it off Edmund on level 5 of the Dungeon)
Armour
 k - a +2 robe of magic resistance (worn)
   (You found it on level 2 of the Dungeon)
 v - a +0 pair of gloves (worn)
   (You found it on level 4 of the Dungeon)
 x - a +0 cloak (worn)
   (You took it off Crazy Yiuf on level 3 of the Dungeon)
Jewellery
 f - an uncursed ring of resist corrosion
   (You found it on level 1 of the Dungeon)
 g - an uncursed ring of fire {rF+, rC-}
   (You found it on level 1 of the Dungeon)
 h - a +3 ring of dexterity (right hand)
   (You found it on level 7 of the Dungeon)
 t - a ring of poison resistance (left hand) {rPois, !d}
   (You took it off a wight on level 4 of the Dungeon)
Wands
 l - a wand of paralysis (17)
   (You found it on level 6 of the Dungeon)
 r - a wand of polymorph (3)
   (You took it off Eustachio on level 4 of the Dungeon)
 A - a wand of random effects (14)
   (You found it on level 7 of the Dungeon)
Scrolls
 b - 4 scrolls of magic mapping {!r}
 d - a scroll of amnesia
 i - 3 scrolls of teleportation
 o - 3 scrolls of remove curse
 y - a scroll of blinking {!r}
 z - 2 scrolls of summoning
 C - a scroll of vulnerability {unknown}
Potions
 a - a potion of brilliance
 e - 2 potions of mutation {!q}
 j - a potion of cancellation
 m - 2 potions of agility
 p - a potion of degeneration {unknown}
 q - a potion of haste
 u - a potion of magic {unknown}
 w - a potion of curing
 B - a potion of heal wounds {unknown}
Comestibles
 c - 6 rations
 s - a chunk of flesh {@w0}


   Skills:
 - Level 6.5 Fighting
 - Level 6.0 Maces & Flails
 - Level 7.6 Dodging
 - Level 2.0 Stealth
 - Level 6.3 Spellcasting
 - Level 12.5 Conjurations
 + Level 0.0 Air Magic
 + Level 0.0 Poison Magic


You had 7 spell levels left.
You knew the following spells:

 Your Spells              Type           Power        Failure   Level  Hunger
a - Magic Dart            Conj           ####         1%          1    None
b - Searing Ray           Conj           #####.       1%          2    None
c - Dazzling Spray        Conj/Hex       ####..       2%          3    ##.....
d - Mephitic Cloud        Conj/Pois/Air  ###.....     7%          3    ##.....
g - Apportation           Tloc           #.....       12%         1    None
x - Iskenderun's Mystic   Conj           #####...     1%          4    ####...


Dungeon Overview and Level Annotations

Branches:
Dungeon (8/15)             Temple (0/1) D:4
   Lair: D:8-11

Altars:
Cheibriados
Fedhas
Gozag
Qazlal
Ru
Trog
Uskayaw
Vehumet
Yredelemnul
Zin

Annotations:
D:5 newphone's ghost, novice KoWn


Innate Abilities, Weirdness & Mutations

You have a beak for a mouth.
You have claws for feet.
You can fly.
You possess an exceptional clarity of mind.
You are dopey. (Int -2)
You are covered in fur. (AC +1)


Message History

Unknown command.
Unknown command.
Okay, then.
Unknown command.
You start resting.
Health restored: 61; MP restored: 20 You see here a sky beast corpse.
y - a scroll of blinking {!r}
z - 2 scrolls of summoning (gained 1) Eating one of 2 chunks of flesh {@w0}.
You eat one of the 2 chunks of flesh {@w0}.
Found a stone staircase leading down.
C - a scroll labeled XOM MEIDICON You now have 390 gold pieces (gained 16).
You now have 407 gold pieces (gained 17).
A two-headed ogre comes into view. It is wielding two giant clubs.
A two-headed ogre is nearby!
Aim: a two-headed ogre, wielding two giant clubs (hasn't noticed you)
Okay, then.
Unknown command.
Aim: a two-headed ogre, wielding two giant clubs (hasn't noticed you)
The magic dart hits the two-headed ogre.
The two-headed ogre shouts in stereo!
You now have 19/20 mp.
MP restored: 20
Items here: )) [[ a dagger; a robe; a dagger; a robe
Aim: a two-headed ogre, wielding two giant clubs (lightly wounded)
The magic dart hits the two-headed ogre.
You now have 19/20 mp.
Aim: a two-headed ogre, wielding two giant clubs (lightly wounded)
The magic dart hits the two-headed ogre.
You now have 18/20 mp.
Aim: a two-headed ogre, wielding two giant clubs (lightly wounded)
The orb of energy hits the two-headed ogre.
The orb of energy explodes!
You now have 14/20 mp.
Things that are here:
a dagger; a robe
Okay, then.
Unknown command.
Aim: a two-headed ogre, wielding two giant clubs (moderately wounded)
Okay, then.
Unknown command.
Aim: a two-headed ogre, wielding two giant clubs (moderately wounded)
The spray of energy hits the two-headed ogre.
The two-headed ogre is dazzled.
You now have 11/20 mp.
Things that are here:
a dagger; a robe
Okay, then.
Unknown command.
Aim: a two-headed ogre, wielding two giant clubs (heavily wounded, blind, hasn't noticed you)
The ball explodes into a vile cloud!
The stinking cloud engulfs the two-headed ogre.
You hear an angry hiss.
You now have 9/20 mp.
The two-headed ogre is engulfed in noxious fumes.
Things that are here:
a dagger; a robe You barely miss the two-headed ogre.
The two-headed ogre is no longer blind.
The two-headed ogre barely misses you. The two-headed ogre misses you.
You hit the two-headed ogre.
Your weapon exudes an aura of protection.
Aim: a two-headed ogre, wielding two giant clubs (heavily wounded)
The spray of energy hits the two-headed ogre.
The two-headed ogre hits you with a giant club.
The two-headed ogre misses you.
You take 4 damage, and have 57/61 hp.
You now have 6/20 mp.
Aim: a two-headed ogre, wielding two giant clubs (severely wounded)
The spray of energy hits the two-headed ogre.
The two-headed ogre closely misses you. The two-headed ogre barely misses you.
You now have 4/20 mp.
Aim: a two-headed ogre, wielding two giant clubs (severely wounded)
The spray of energy hits the two-headed ogre.
The two-headed ogre is dazzled.
The two-headed ogre hits you with a giant club!
The two-headed ogre completely misses you.
You take 13 damage, and have 44/61 hp.
MASSIVE DAMAGE!!
You now have 1/20 mp.
You hit the two-headed ogre but do no damage.
Your weapon exudes an aura of protection.
Your kick misses the two-headed ogre.
The two-headed ogre hits you with a giant club!!
* * * LOW HITPOINT WARNING * * *
The two-headed ogre barely misses you.
You hear an angry hiss.
You take 26 damage, and have 18/61 hp.
MASSIVE DAMAGE!!
An adder comes into view.
Things that are here:
a dagger; a robe
Aim: a two-headed ogre, wielding two giant clubs (almost dead, blind)
The magic dart hits the two-headed ogre.
The adder misses you. x2
The two-headed ogre is no longer blind.
The two-headed ogre hits you with a giant club!!
Ouch! That really hurt!
You die...

#...##..####.###.#
.........))).....#
#.#....####..###.#
#.#..### #.## #.#
..#...## ##.# #.#
##.....###..# #.#
#.......#..## #S#
...........# #O#
........#..#####@##
..................#
##....<...........#
..................#
........#.........#
..................#
.........#....>...#
......#.###.###.###
.....##.##...##.#


You could see a two-headed ogre and an adder.

Vanquished Creatures
  Pikel (D:7)
  Joseph (D:7)
  Psyche (D:8)
  2 hippogriffs (D:7)
  The ghost of Slobodan the Sneak, an amateur VSIE of Ru (D:4)
  Eustachio (D:4)
  Grum (D:7)
  2 hungry ghosts
  Edmund (D:5)
  A water moccasin (D:8)
  3 ice beasts
  An orc warrior (D:7)
  2 sky beasts
  3 slaves (D:7)
  2 phantoms (D:5)
  3 ogres
  4 wolves
  2 centaurs
  2 bullfrogs
  4 killer bees (D:7)
  5 wights (D:4)
  4 howler monkeys
  A crimson imp (D:7)
  A bullfrog zombie (D:4)
  A centaur zombie (D:5)
  2 jellies
  4 hounds
  2 bullfrog skeletons
  Crazy Yiuf (D:3)
  4 orc wizards (D:8)
  Terence (D:3)
  Natasha (D:2)
  6 iguanas
  6 worker ants
  Robin (D:2)
  11 adders
  3 shadow imps
  An adder skeleton (D:4)
  13 dart slugs
  6 leopard geckos
  14 orcs
  5 giant cockroaches
  18 goblins
  14 hobgoblins
  7 jackals
  5 kobolds
  2 quokkas
  4 bats (D:2)
  5 frilled lizards
  3 rats
189 creatures vanquished.

Notes
Turn   | Place    | Note
-------+----------+-------------------------------------------
     0 | D:1      | mhoghedin the Tengu Conjurer began the quest for the Orb.
     0 | D:1      | Reached XP level 1. HP: 10/10 MP: 4/4
   193 | D:1      | Reached XP level 2. HP: 7/15 MP: 0/6
   429 | D:1      | Learned a level 2 spell: Searing Ray
   842 | D:2      | Noticed Robin
   887 | D:2      | Reached XP level 3. HP: 13/19 MP: 4/7
   889 | D:2      | Reached skill level 6 in Conjurations
   916 | D:1      | HP: 4/19 [goblin[Robin] (2)]
  1210 | D:2      | Killed Robin
  1408 | D:2      | Reached skill level 3 in Spellcasting
  1464 | D:2      | Reached XP level 4. HP: 24/24 MP: 5/9
  1470 | D:2      | Learned a level 4 spell: Iskenderun's Mystic Blast
  1541 | D:2      | Found a stormy altar of Qazlal.
  1777 | D:2      | Noticed Natasha
  1782 | D:2      | Killed Natasha
  1782 | D:2      | Reached skill level 1 in Fighting
  1793 | D:2      | Found a snail-covered altar of Cheibriados.
  1858 | D:2      | Found a glowing silver altar of Zin.
  2048 | D:2      | Reached skill level 3 in Dodging
  2059 | D:2      | Gained mutation: You can fly. [Tengu growth]
  2059 | D:2      | Reached XP level 5. HP: 24/29 MP: 5/10
  2116 | D:2      | Found a basalt altar of Yredelemnul.
  2169 | D:2      | Gained mutation: You possess an exceptional clarity of mind. [potion of mutation]
  2169 | D:2      | Gained mutation: You are dopey. (Int -2) [potion of mutation]
  2169 | D:2      | Gained mutation: You are covered in fur. (AC +1) [potion of mutation]
  2221 | D:3      | You fall through a shaft for 2 floors!
  2221 | D:5      | Entered Level 5 of the Dungeon
  2255 | D:5      | Reached skill level 2 in Fighting
  2366 | D:5      | Noticed newphone's ghost (novice KoWn)
  2564 | D:4      | Noticed Slobodan's ghost (amateur VSIE)
  2579 | D:4      | Found a hide-covered altar of Uskayaw.
  2598 | D:4      | Reached XP level 6. HP: 26/36 MP: 6/11
  2644 | D:4      | Found a bloodstained altar of Trog.
  2664 | D:4      | You fall through a shaft for 2 floors!
  2675 | D:6      | Reached skill level 7 in Conjurations
  2924 | D:6      | Found a radiant altar of Vehumet.
  2982 | D:6      | Became a worshipper of Vehumet
  3075 | D:6      | Reached skill level 8 in Conjurations
  3197 | D:6      | Noticed an ice beast
  3200 | D:6      | Killed an ice beast
  3200 | D:6      | Reached XP level 7. HP: 40/40 MP: 4/13
  3558 | D:6      | Reached skill level 4 in Spellcasting
  3864 | D:5      | Reached skill level 9 in Conjurations
  4026 | D:5      | Reached XP level 8. HP: 45/45 MP: 3/16
  4234 | D:5      | Reached skill level 5 in Spellcasting
  4515 | D:5      | Noticed Edmund
  4529 | D:5      | Killed Edmund
  4529 | D:5      | Reached skill level 3 in Fighting
  4529 | D:5      | Reached skill level 4 in Dodging
  4676 | D:5      | Found an opulent altar of Gozag.
  4764 | D:5      | Found a sacrificial altar of Ru.
  5203 | D:4      | Reached skill level 5 in Dodging
  5210 | D:4      | Reached skill level 4 in Fighting
  5224 | D:4      | Reached * piety under Vehumet
  5224 | D:4      | Offered knowledge of Freeze by Vehumet.
  5311 | D:4      | Noticed Eustachio
  5326 | D:4      | Killed Eustachio
  5524 | D:4      | Reached skill level 5 in Fighting
  5524 | D:4      | Reached skill level 6 in Dodging
  5549 | D:4      | Reached XP level 9. HP: 45/54 MP: 3/17
  5907 | D:4      | Found a staircase to the Ecumenical Temple.
  5935 | D:4      | Killed Slobodan's ghost
  5981 | D:3      | Noticed Terence
  5988 | D:3      | Killed Terence
  6121 | D:3      | Found a faded altar of an unknown god.
  6301 | D:3      | Found a runed door.
  6305 | D:3      | Noticed Crazy Yiuf
  6308 | D:3      | Killed Crazy Yiuf
  6688 | D:3      | Reached skill level 6 in Fighting
  6688 | D:3      | Reached skill level 7 in Dodging
  6745 | D:3      | Found a blossoming altar of Fedhas.
  7281 | D:7      | Reached skill level 2 in Maces & Flails
  7493 | D:7      | Noticed Pikel
  7512 | D:7      | Killed Pikel
  7512 | D:7      | Reached ** piety under Vehumet
  7512 | D:7      | Reached skill level 5 in Maces & Flails
  7737 | D:7      | Noticed Joseph
  7740 | D:7      | Offered knowledge of Flame Tongue by Vehumet.
  7742 | D:7      | Reached skill level 6 in Maces & Flails
  7761 | D:7      | HP: 3/56 [Joseph/uncursed quarterstaff (15)]
  8060 | D:6      | Learned a level 3 spell: Dazzling Spray
  8137 | D:7      | HP: 9/56 [Joseph/uncursed quarterstaff (11)]
  8138 | D:7      | Killed Joseph
  8138 | D:7      | Reached skill level 10 in Conjurations
  8138 | D:7      | Reached XP level 10. HP: 9/61 MP: 1/19
  8462 | D:8      | Noticed Grum
  8482 | D:7      | Killed Grum
  8567 | D:8      | Noticed Psyche
  8570 | D:8      | Killed Psyche
  8570 | D:8      | Reached skill level 6 in Spellcasting
  8573 | D:8      | Learned a level 1 spell: Apportation
  8923 | D:7      | Reached skill level 11 in Conjurations
  9198 | D:8      | Reached skill level 12 in Conjurations
  9209 | D:8      | Offered knowledge of Mephitic Cloud by Vehumet.
  9221 | D:8      | Learned a level 3 spell: Mephitic Cloud
  9438 | D:8      | Noticed a two-headed ogre
  9471 | D:8      | Mangled by a two-headed ogre

Vault maps used:
D:1:      kennysheep_arrival_forest
D:2:      lemuel_coloured_pillars_altar, marbit_many_paths, zin_statuary,
          nicolae_overflow_crystal_walls, first_ration, uniq_natasha, uniq_robin
D:3:      kennysheep_slugbush, fedhas_altar_4,
          chequers_ecumenical_altar_simple_redux, minmay_ogre_servants,
          uniq_crazy_yiuf_cottage, uniq_terence
D:4:      bloody_trog, lemuel_crystal_altar, minmay_temple_entry_glassed_door,
          uniq_eustachio
D:5:      lemuel_doored_altar, basic_altar, minmay_misc_feat_plants,
          serial_bayou_ford_a, uniq_edmund
D:6:      kennysheep_steamy, vehumet_crystals
D:7:      uniq_pikel, uniq_joseph
D:8:      elyvilon_altar_5, uniq_grum, uniq_psyche

Skill      XL: |  1  2  3  4  5  6  7  8  9 10 |
---------------+-------------------------------+-----
Conjurations   | 6 8 9 10 12 | 12.5
Spellcasting   | 3 4 5 6 |  6.3
Fighting       | 1 2 5 6 |  6.5
Dodging        | 3 6 7 |  7.6
Maces & Flails | 6 |  6.0
Stealth        | |  2.0

Action                   |  1- 3 |  4- 6 |  7- 9 | 10-12 || total
-------------------------+-------+-------+-------+-------++-------
Melee: Hand axe          |     5 |    13 |    12 |       ||    30
       Peck              |     3 |     2 |    10 |     5 ||    20
       Kick              |     2 |     3 |    25 |    11 ||    41
       Flail             |       |       |    94 |    48 ||   142
 Cast: Magic Dart        |    39 |    33 |    65 |    23 ||   160
       Searing Ray       |     4 |    21 |    41 |    14 ||    80
       Iskenderun's Myst |       |     3 |    25 |     7 ||    35
       Dazzling Spray    |       |       |     4 |    12 ||    16
       Mephitic Cloud    |       |       |       |     1 ||     1
Evoke: Wand              |       |       |     3 |       ||     3
  Use: Scroll            |       |     2 |    10 |       ||    12
       Potion            |       |     2 |     6 |       ||     8
 Stab: Paralysed         |       |       |     3 |       ||     3
       Sleeping          |       |       |     3 |       ||     3
       Invisible         |       |       |     1 |       ||     1
  Eat: Chunk             |     2 |     7 |    10 |     5 ||    24
       Ration            |       |       |     4 |       ||     4
Armor: Robe              |     2 |    18 |    47 |    26 ||    93
Dodge: Dodged            |    21 |    42 |   216 |   112 ||   391

Table legend:
 A = Spawn XP
 B = Non-spawn XP
 C = Spawn XP percentage of total XP
 D = Spawn monster count
 E = Non-spawn monster count
 F = Spawn count percentage of total count
 G = Total turns spent on level
                    A         B        C        D         E        F      G
               +---------+---------+-------+---------+---------+-------+---------
         Total |       0 |    7938 |   0.0 |       0 |     186 |   0.0 |  9471
               +---------+---------+-------+---------+---------+-------+---------
           D:1 |       0 |      30 |   0.0 |       0 |      15 |   0.0 |  1163
           D:2 |       0 |     146 |   0.0 |       0 |      29 |   0.0 |  1024
           D:3 |       0 |     343 |   0.0 |       0 |      34 |   0.0 |   881
           D:4 |       0 |    1065 |   0.0 |       0 |      23 |   0.0 |  1265
           D:5 |       0 |     933 |   0.0 |       0 |      20 |   0.0 |  1360
           D:6 |       0 |     516 |   0.0 |       0 |      17 |   0.0 |  1493
           D:7 |       0 |    3274 |   0.0 |       0 |      31 |   0.0 |  1903
           D:8 |       0 |    1631 |   0.0 |       0 |      17 |   0.0 |   382
               +---------+---------+-------+---------+---------+-------+---------

Vault maps used:
D:1:      kennysheep_arrival_forest
D:2:      lemuel_coloured_pillars_altar, marbit_many_paths, zin_statuary,
          nicolae_overflow_crystal_walls, first_ration, uniq_natasha, uniq_robin
D:3:      kennysheep_slugbush, fedhas_altar_4,
          chequers_ecumenical_altar_simple_redux, minmay_ogre_servants,
          uniq_crazy_yiuf_cottage, uniq_terence
D:4:      bloody_trog, lemuel_crystal_altar, minmay_temple_entry_glassed_door,
          uniq_eustachio
D:5:      lemuel_doored_altar, basic_altar, minmay_misc_feat_plants,
          serial_bayou_ford_a, uniq_edmund
D:6:      kennysheep_steamy, vehumet_crystals
D:7:      uniq_pikel, uniq_joseph
D:8:      elyvilon_altar_5, uniq_grum, uniq_psyche

Table legend:
 A = Turns spent in this place as a percentage of turns spent in the entire game.
 B = Non-inter-level travel turns spent in this place as a percentage of non-inter-level travel turns spent in the entire game.
 C = Inter-level travel turns spent in this place as a percentage of turns spent in this place.
 D = Turns resting spent in this place as a percentage of non-inter-level travel turns spent in this place.
 E = Turns spent auto-exploring this place as a percentage of non-inter-level travel turns spent in this place.
 F = Non-inter-level travel turns spent in this place divided by the number of levels of this place that you've seen.
                   A       B       C       D       E      F
               +-------+-------+-------+-------+-------+----------------------
         Total | 100.0 | 100.0 |   4.4 |  42.7 |  38.4 | 1131.5
       Dungeon | 100.0 | 100.0 |   4.4 |  42.7 |  38.4 | 1131.5
               +-------+-------+-------+-------+-------+----------------------

Table legend:
 A = Kills in this place as a percentage of kills in entire the game.
 B = Kills by you in this place as a percentage of kills by you in the entire game.
 C = Kills by friends in this place as a percentage of kills by friends in the entire game.
 D = Other kills in this place as a percentage of other kills in the entire game.
 E = Experience gained in this place as a percentage of experience gained in the entire game.
 F = Experience gained in this place divided by the number of levels of this place that you have seen.
                   A       B       C       D       E      F
               +-------+-------+-------+-------+-------+----------------------
         Total | 100.0 | 100.0 |   N/A |   N/A | 100.0 | 992.2
       Dungeon | 100.0 | 100.0 |   N/A |   N/A | 100.0 | 992.2
               +-------+-------+-------+-------+-------+----------------------
